 Dungeon Crawl Stone Soup version 0.29.1-1-gd02db6906a (console) character file.

Game seed: 16405243317944358775

3 sentinel the Digger (level 1, 14/14 HPs)
             Began as a Meteoran Earth Elementalist on Sept 30, 2022.
             Quit the game on level 1 of the Dungeon.
             The game lasted 00:00:34 (84 turns).

sentinel the Digger (Meteoran Earth Elementalist)     Turns: 84, Time: 00:00:35

Health: 14/14      AC:  2    Str:  9    XL:     1   Next: 71%
Magic:  0/5        EV: 12    Int: 16    God:
Gold:   0          SH:  0    Dex: 14    Spells: 4/5 levels left

rFire   . . .      SeeInvis .   (no weapon)
rCold   . . .      Faith    .   (no shield)
rNeg    . . .      Spirit   .   a - +0 robe
rPois   .          Reflect  .   (no helmet)
rElec   .          Harm     .   (no cloak)
rCorr   .          Rampage  .   (no gloves)
Will    .....                   (no boots)
Stlth   +.........              (no amulet)
HPRegen 0.04/turn               (no ring)
MPRegen 0.09/turn               (no ring)

@: glowing
A: sense surroundings 1, otherworldly, glowing, explore regen
a: no special abilities


You were on level 1 of the Dungeon.
You visited 1 branch of the dungeon, and saw 1 of its levels.

Inventory:

Armour
 a - a +0 robe (worn)
Scrolls
 c - 2 scrolls of noise {unknown}
 d - a scroll of teleportation {unknown}
Potions
 b - a potion of magic


   Skills:
 - Level 2.4 Dodging
 - Level 1.4 Stealth
 - Level 2.6 Spellcasting
 - Level 1.2 Transmutations
 + Level 3.9 Earth Magic


You had 4 spell levels left.
You knew the following spells:

 Your Spells              Type           Power      Damage    Failure   Level
a - Sandblast             Erth           28%        2d8       3%          1

Your spell library contained the following spells:

 Spells                   Type           Power      Damage    Failure   Level
 Passwall                 Tmut/Erth      8%         N/A       10%         2
 Stone Arrow              Conj/Erth      16%        3d8       26%         3
 Frozen Ramparts          Ice            4%         1d1       50%         3
 Petrify                  Tmut/Erth      10%        N/A       54%         4
 Ice Form                 Ice/Tmut       4%         N/A       83%         4
 Summon Ice Beast         Ice/Summ       2%         N/A       88%         4


Dungeon Overview and Level Annotations

Branches:
Dungeon (1/15) Zot: 513

Altars:


Innate Abilities, Weirdness & Mutations

You passively map a small area around you.
You are easily found by Zot.
You glow in the dark.
You regain HP and MP as you explore.


Message History

Press ? for a list of commands and other information.
Found a faded altar of an unknown god.
Found two stairs.
Unknown command.
Unknown command.
Unknown command.
You open the door.
Found 9 gold pieces.
Unknown command.
Found 2 gold pieces.
There is an open door here.
Unknown command.
Found a stone staircase leading down.
Unknown command.
A frilled lizard comes into view.
Found a book of Rime.
Unknown command.
But you're not safe!
Unknown command.
The blast of sand hits the frilled lizard!
You kill the frilled lizard!
You can't see any susceptible monsters within range! (Use Z to cast anyway.) Unknown command.
You can't see any susceptible monsters within range! (Use Z to cast anyway.) Unknown command.
You can't see any susceptible monsters within range! (Use Z to cast anyway.) Unknown command.
You can't see any susceptible monsters within range! (Use Z to cast anyway.) Unknown command.
No target in view!
No target in view!
You can't see any susceptible monsters within range! (Use Z to cast anyway.) Unknown command.
You can't see any susceptible monsters within range! (Use Z to cast anyway.) Unknown command.
You can't see any susceptible monsters within range! (Use Z to cast anyway.) Unknown command.
You can't see any susceptible monsters within range! (Use Z to cast anyway.) Unknown command.
No target in view!
No target in view!
You can't see any susceptible monsters within range! (Use Z to cast anyway.) Unknown command.
You can't see any susceptible monsters within range! (Use Z to cast anyway.) Unknown command.
You can't see any susceptible monsters within range! (Use Z to cast anyway.) Unknown command.
You can't see any susceptible monsters within range! (Use Z to cast anyway.) Unknown command.
You pick up a book of Rime and begin reading...
You add the spells Frozen Ramparts, Ice Form and Summon Ice Beast to your library.
Unknown command.
Magic restored.
c - 2 scrolls labelled SIRIFUEROI Unknown command.
d - a scroll labelled PESU KEOVOSUPH Unknown command.
A bat and a rat come into view.
Unknown command.
But you're not safe!
Unknown command.
The blast of sand misses the bat.
The bat barely misses you.
You miscast Sandblast.
You are very lightly contaminated with residual magic.
Nothing appears to happen.
The bat misses you.
Unknown command.
The blast of sand hits the rat!
You kill the rat!
The bat hits you but does no damage.
Unknown command.
The blast of sand misses the bat.
The bat hits you but does no damage.
Unknown command.
The blast of sand hits the bat.
You kill the bat!
Unknown command.
No target in view!
No target in view!
You are out of magic!
Unknown command.
You are out of magic!
Unknown command.
You are out of magic!
Unknown command.
You are out of magic!
Unknown command.
No target in view!
No target in view!
You are out of magic!
Unknown command.
You are out of magic!
Unknown command.
You are out of magic!
Unknown command.
You are out of magic!
Unknown command.
You start waiting.
Your magical contamination has completely faded away.
Unknown command.
A kobold comes into view. It is wielding a +0 short sword.
You see here 9 gold pieces.
Unknown command.
But you're not safe!
Unknown command.
But you're not safe!
Unknown command.
But you're not safe!
Unknown command.
The blast of sand hits the kobold.
You kill the kobold!
Unknown command.
You are out of magic!
Unknown command.
You are out of magic!
Unknown command.
You are out of magic!
Unknown command.
No target in view!
No target in view!
You are out of magic!
Unknown command.
You are out of magic!
Unknown command.
You are out of magic!
Unknown command.
You are out of magic!
Unknown command.
No target in view!
No target in view!
You are out of magic!
Unknown command.
You are out of magic!
Unknown command.
You are out of magic!
Unknown command.
You are out of magic!
Unknown command.
A giant cockroach comes into view.
Unknown command.
But you're not safe!
Unknown command.
But you're not safe!
Unknown command.
But you're not safe!
Unknown command.
But you're not safe!
Unknown command.
Unknown command.
Unknown command.
Unknown command.
Unknown command.
Are you sure you want to abandon this character and quit the game? (Confirm with "yes".)

, , ,
...........## ,,
...B.......#
..........# , *
##.........#
###..........#
#....).......#
,.#.#.........#
,,.......@$...#
,...#........#
#########..†...#
,###########..†$.#
##♣.♣#..⌠##.....#
,,
##...#....+.....#
##⌠..#..P##...###
, #⌠_.>#<...'...#
##⌠..#..P##...####


You could see a giant cockroach.

Vanquished Creatures
  A kobold (D:1)
  A bat (D:1)
  A frilled lizard (D:1)
  A rat (D:1)
4 creatures vanquished.

Notes
Turn   | Place    | Note
-------+----------+-------------------------------------------
     0 | D:1      | sentinel the Meteoran Earth Elementalist began the quest
                  | for the Orb.
     0 | D:1      | Reached XP level 1. HP: 14/14 MP: 5/5
    84 | D:1      | Quit the game

Illustrated notes

Levels and vault maps discovered:
D:1:      spicycebolla_arrival_ecumenical, layout_rooms, serial_corexii_hall,
          corexii_hall_statues_x, chequers_hall_statues_y

Action                   || total
-------------------------++-------
 Cast: Sandblast         ||     6
Armor: Robe              ||     2
Dodge: Dodged            ||     2
